 Dungeon Crawl Stone Soup version 0.18.1-48-g4cf74bf (webtiles) character file.

45392 Joat the Cleaver (level 14, -15/73 HPs)
             Began as a Vine Stalker Wanderer on Aug 7, 2016.
             Was the Champion of Makhleb.
             Killed from afar by a lindwurm (20 damage)
             ... with a blast of flame
             ... in a volcano.
             The game lasted 03:17:19 (20386 turns).

Joat the Cleaver (Vine Stalker Wanderer)           Turns: 20386, Time: 03:17:20

Health: -15/73     AC: 21    Str: 16    XL:     14   Next: 32%
Magic:  0/20       EV: 10    Int: 13    God:    Makhleb [******]
Gold:   1173       SH:  0    Dex: 17    Spells: 1 memorised, 11 levels left

rFire  . . .     SeeInvis .     a - +7 hand axe (elec)
rCold  . . .     Gourm    .     o - +0 plate armour
rNeg   . . .     Faith    .     (no shield)
rPois  .         Spirit   +     G - +2 helmet
rElec  .         Dismiss  +     K - +0 cloak
rCorr  .         Reflect  .     M - +0 pair of gloves
SustAt .         Harm     .     v - +0 pair of boots
MR     +....                    X - amulet of dismissal
Stlth  ..........               L - ring of wizardry
                                R - +2 ring of evasion

@: about to teleport, somewhat resistant to hostile enchantments, extremely
unstealthy
A: fangs 3, regeneration 3, magic shield, antimagic bite, no device heal 3, rot
immunity
a: Minor Destruction, Lesser Servant of Makhleb, Major Destruction, Greater
Servant of Makhleb, Renounce Religion


You were in a volcano.
You worshipped Makhleb.
Makhleb was exalted by your worship.
You were hungry.

You visited 2 branches of the dungeon, and saw 18 of its levels.
You also visited: Volcano.

You collected 1173 gold pieces.

Inventory:

Hand Weapons
 a - a +7 hand axe of electrocution (weapon)
 b - the +2 hunting sling "Xaobluil" {venom, rC- rN+++}
   (You found it on level 4 of the Dungeon)

   It poisons the ammo it fires.
   It makes you vulnerable to cold.
   It renders you almost immune to negative energy.
Missiles
 e - 4 tomahawks of dispersal
 C - 430 stones
 E - 5 poisoned javelins (quivered)
 S - 17 sling bullets
 Y - 10 javelins
Armour
 o - a +0 plate armour (worn)
 v - a +0 pair of boots (worn)
 G - a +2 helmet (worn)
 K - a +0 cloak (worn)
 M - a +0 pair of gloves (worn)
Jewellery
 L - a ring of wizardry (right hand)
 R - a +2 ring of evasion (left hand)
 X - an amulet of dismissal (around neck)
Wands
 m - a wand of iceblast (11/15)
 u - a wand of acid (7/15)
 B - a wand of iceblast (4/15)
Scrolls
 h - a scroll of brand weapon {unknown}
 j - 5 scrolls of teleportation
 k - 3 scrolls of recharging
 l - 3 scrolls of enchant armour
 n - a scroll of blinking
 p - 4 scrolls of fear
 r - 3 scrolls of identify
 s - 4 scrolls of remove curse
 A - a scroll of torment {unknown}
 J - a scroll of holy word {unknown}
 O - 3 scrolls of magic mapping
 P - a scroll of fog {unknown}
 Q - a scroll of acquirement {unknown}
 V - 4 scrolls of summoning {unknown}
Potions
 c - a potion of might
 d - 12 potions of curing
 g - 2 potions of haste
 q - 2 potions of flight
 t - 3 potions of brilliance
 w - 2 potions of magic
 y - 2 potions of agility
 F - a potion of beneficial mutation
 N - a potion of berserk rage
 W - a potion of cure mutation {unknown}
 Z - a potion of mutation
Miscellaneous
 D - a fan of gales
 I - a phial of floods
Comestibles
 f - 13 bread rations
 i - a beef jerky
 x - 4 slices of pizza
 H - 4 meat rations
 T - a chunk of flesh
 U - 15 fruits


   Skills:
 - Level 8.2 Fighting
 + Level 13.9 Axes
   Level 1.0(9.3) Maces & Flails
 - Level 7.0 Slings
   Level 1.1 Crossbows
 - Level 8.5 Armour
 - Level 5.8 Dodging
 - Level 5.1 Stealth
 - Level 6.0 Translocations
 - Level 7.0 Invocations


You had 11 spell levels left.
You knew the following spells:

 Your Spells              Type           Power        Failure   Level  Hunger
b - Blink                 Tloc           N/A          73%         2    ###....


Dungeon Overview and Level Annotations

Branches:
Dungeon (10/15)            Temple (0/1) D:4            Lair (8/8) D:10
  Swamp (0/4) Lair:5       Spider (0/4) Lair:3        Slime (0/6) Lair:8
    Orc (0/2) D:10

Altars:
Cheibriados
Fedhas
Makhleb
Okawaru
Pakellas
Qazlal
Xom
Yredelemnul
The Shining One

Shops:
D:8 *


Innate Abilities, Weirdness & Mutations

You have razor-sharp teeth.
You regenerate.
When hurt, damage is shared between your health and your magic reserves.
Your bite disrupts and absorbs the magic of your enemies.
Potions and wands cannot restore your health.
You are immune to rotting.


Message History

You drain its power.
You feel invigorated.
The lindwurm is heavily wounded.
You miss the fire bat.
The fire bat is moderately wounded.
The fire bat bites you but does no damage.
You slash the fire bat! Your bite misses the fire bat.
The fire bat is severely wounded.
You hit the lindwurm.
There is a sudden explosion of sparks!
The lindwurm is almost dead.
You feel less invigorated.
You feel less confused.
The fire bat bites you but does no damage.
The fire bat barely misses you. The lindwurm barely misses you. x2
The lindwurm closely misses you.
Read which item? (? for menu, Esc to quit)
As you read the scroll of teleportation, it crumbles to dust.
You feel strangely unstable. The fire bat barely misses you.
The lindwurm breathes flames at you. The blast of flame hits you!
You die...

##..§§≈≈≈§≈≈§≈≈§≈.....#
#...§≈≈≈≈≈≈≈§≈≈≈....##
##...§≈≈≈≈≈§≈≈≈≈≈....#
##...≈≈≈≈≈≈≈≈≈≈....##
##...≈≈≈≈≈§.....###
#.............#.##
#...##..###..###.##
#k####### #### ##.≈
##@## ##.. ##b# #...
#≈b§## ##.. #≈≈.b #..∩
#≈≈≈) #..≈ ##≈≈! #..§§
#≈§§ ##.§≈ #§§§ #≈≈≈
##§≈ ##§§


You could see a lindwurm and a fire bat.

Vanquished Creatures
  2 hydras
  A catoblepas (Lair:3)
  4 death yaks
  2 griffons
  An oklob plant (Lair:1)
  2 black mambas
  26 elephants
  Psyche (D:8)
  A torpor snail (Lair:4)
  13 spiny frogs
  7 komodo dragons
  2 rime drakes
  2 polar bears
  A troll (D:10)
  8 blink frogs
  Grinder (D:4)
  A boulder beetle (Lair:6)
  A spriggan (D:9)
  A wraith (D:10)
  4 fire bats (Volcano)
  40 yaks
  2 basilisks
  4 hippogriffs
  A hungry ghost (D:7)
  A mottled dragon (Volcano)
  2 wargs (D:9)
  6 swamp worms (Lair:5)
  Edmund (D:5)
  15 water moccasins
  Duvessa (D:5)
  4 orc warriors
  5 porcupines
  2 sky beasts
  A wasp (Lair:2)
  A necrophage (D:5)
  3 ice beasts
  4 ogres
  19 wolves
  3 phantoms
  2 centaurs
  14 crocodiles
  The ghost of torvon the Chiller, an amateur DEIE (D:3)
  10 giant frogs
  A big kobold (D:10)
  Dowan (D:5)
  2 scorpions
  9 killer bees
  A howler monkey (D:5)
  2 electric eels
  7 crimson imps
  A wasp zombie (D:9)
  4 hounds
  A jelly (D:6)
  5 orc priests
  Crazy Yiuf (D:7)
  A centaur skeleton (D:8)
  A gnoll shaman (D:9)
  A giant frog skeleton (D:5)
  5 orc wizards
  8 iguanas
  6 worker ants
  31 sheep
  A hound skeleton (D:4)
  Robin (D:4)
  8 gnolls
  2 worker ant zombies
  12 adders
  43 river rats
  A shadow imp (D:5)
  A white imp (D:9)
  3 oozes
  2 adder zombies
  An adder skeleton (D:4)
  A worm (D:2)
  8 dart slugs
  4 giant geckos
  25 orcs
  4 bats
  5 giant cockroaches
  10 goblins
  14 hobgoblins
  9 jackals
  12 kobolds
  6 quokkas
  A ball python (D:6)
  A giant cockroach zombie (D:5)
  3 giant newts
  A jackal skeleton (D:4)
  A jackal zombie (D:5)
  A quokka simulacrum (D:9)
  A quokka zombie (D:8)
  7 rats
  10 fungi
  6 plants
516 creatures vanquished.

Vanquished Creatures (collateral kills)
  Snorg (Lair:4)
  Josephine (D:10)
  The ghost of dearth the Fighter, a novice MiFi of Okawaru (D:10)
  The ghost of Thomus the Cleaver, a novice HOFi (D:8)
  A gargoyle (D:10)
  2 wraiths (D:10)
  2 wargs (D:9)
  A wyvern skeleton (D:6)
  A hound (D:10)
  A water moccasin simulacrum (D:9)
  5 river rats (Lair:1)
  An adder simulacrum (D:9)
18 creatures vanquished.

Vanquished Creatures (others)
  19 fungi
  12 plants
  16 toadstools (Lair:1)
47 creatures vanquished.

Grand Total: 581 creatures vanquished

Notes
Turn   | Place    | Note
--------------------------------------------------------------
     0 | D:1      | Joat the Vine Stalker Wanderer began the quest for the Orb.
     0 | D:1      | Joat set off with: a +2 hand crossbow, 29 bolts, a +0 ring mail, a potion of curing, a +0 dagger, a bread ration
     0 | D:1      | Reached XP level 1. HP: 11/11 MP: 2/2
     3 | D:1      | Noticed a minotaur zombie
     5 | D:1      | Noticed a merfolk zombie
    15 | D:1      | Noticed a minotaur zombie
   111 | D:2      | Found a burning altar of Makhleb.
   111 | D:2      | Noticed a blizzard demon
   114 | D:2      | Noticed a neqoxec
   114 | D:2      | Noticed an orange demon
   116 | D:2      | Became a worshipper of Makhleb the Destroyer
   159 | D:2      | Reached XP level 2. HP: 15/15 MP: 3/3
   275 | D:2      | Found a snail-covered altar of Cheibriados.
   299 | D:1      | Reached XP level 3. HP: 18/18 MP: 4/4
   504 | D:1      | Reached * piety under Makhleb
  1168 | D:2      | Reached XP level 4. HP: 20/23 MP: 3/5
  1741 | D:3      | Reached ** piety under Makhleb
  1911 | D:3      | Reached skill level 1 in Axes
  1915 | D:3      | Noticed torvon's ghost (amateur DEIE)
  1916 | D:3      | Reached XP level 5. HP: 26/26 MP: 6/6
  1922 | D:3      | Killed torvon's ghost
  2493 | D:4      | Reached skill level 1 in Dodging
  2511 | D:4      | Got a translucent hunting sling
  2512 | D:4      | Identified the cursed +2 hunting sling "Xaobluil" {venom, rC- rN+++} (You found it on level 4 of the Dungeon)
  3043 | D:4      | Noticed Robin
  3047 | D:4      | Killed Robin
  3144 | D:4      | Found a staircase to the Ecumenical Temple.
  3176 | D:4      | Gained mutation: You heal very quickly. [Vine Stalker growth]
  3176 | D:4      | Reached XP level 6. HP: 32/32 MP: 7/7
  3297 | D:4      | Noticed Grinder
  3308 | D:4      | HP: 1/32 [Grinder/nerve-wracking pain (7)]
  3315 | D:4      | Killed Grinder
  3315 | D:4      | Reached skill level 1 in Slings
  3315 | D:4      | Reached skill level 5 in Armour
  3401 | D:4      | Noticed a phantom
  3426 | D:4      | Killed a phantom
  3426 | D:4      | Reached XP level 7. HP: 36/36 MP: 4/8
  3444 | D:4      | Reached *** piety under Makhleb
  3800 | D:4      | Reached skill level 1 in Invocations
  4005 | D:5      | Entered Level 5 of the Dungeon
  4048 | D:5      | Noticed Edmund
  4067 | D:5      | Killed Edmund
  4067 | D:5      | Gained mutation: You have razor-sharp teeth. [Vine Stalker growth]
  4067 | D:5      | Reached XP level 8. HP: 37/42 MP: 6/10
  4554 | D:5      | Reached **** piety under Makhleb
  4617 | D:5      | Found a shimmering altar of Xom.
  4618 | D:5      | Found a burning altar of Makhleb.
  5045 | D:5      | Noticed Dowan
  5046 | D:5      | Noticed Duvessa
  5055 | D:5      | Killed Duvessa
  5055 | D:5      | Reached XP level 9. HP: 44/46 MP: 9/12
  5061 | D:5      | Killed Dowan
  5061 | D:5      | Reached skill level 5 in Slings
  5587 | D:5      | Reached skill level 5 in Fighting
  6512 | D:7      | Found a glowing golden altar of the Shining One.
  6609 | D:7      | Found an oddly glowing altar of Pakellas.
  6761 | D:7      | Noticed Crazy Yiuf
  6771 | D:7      | Killed Crazy Yiuf
  6832 | D:7      | Found a stormy altar of Qazlal.
  7206 | D:7      | Found an iron altar of Okawaru.
  7319 | D:8      | Noticed Psyche
  7333 | D:8      | Paralysed by Psyche for 6 turns
  7342 | D:8      | Killed Psyche
  7491 | D:8      | Reached XP level 10. HP: 45/53 MP: 11/14
  7536 | D:8      | Found Tuwnu's Demolitions Depot.
  7828 | D:8      | Noticed Thomus's ghost (novice HOFi)
  7855 | D:7      | Reached ***** piety under Makhleb
  7949 | D:8      | Killed Thomus's ghost
  7949 | D:8      | Reached skill level 5 in Stealth
  8120 | D:8      | Found an oddly glowing altar of Pakellas.
  8901 | D:9      | Reached skill level 5 in Invocations
  9797 | D:10     | Entered Level 10 of the Dungeon
  9797 | D:10     | Found a staircase to the Orcish Mines.
 10465 | D:10     | Reached skill level 5 in Dodging
 10493 | D:10     | Noticed dearth's ghost (novice MiFi)
 10529 | D:10     | Killed dearth's ghost
 10529 | D:10     | Reached XP level 11. HP: 22/58 MP: 6/16
 11065 | D:10     | Found a staircase to the Lair.
 11384 | D:10     | Noticed Josephine
 11393 | D:10     | Killed Josephine
 11489 | Lair:1   | Entered Level 1 of the Lair of Beasts
 12142 | Lair:1   | Found a basalt altar of Yredelemnul.
 12602 | Lair:1   | Found a blossoming altar of Fedhas.
 12616 | Lair:1   | Noticed an oklob plant
 12695 | Lair:1   | Killed an oklob plant
 12978 | Lair:1   | Reached skill level 2 in Axes
 13041 | Lair:1   | Reached skill level 3 in Axes
 13131 | Lair:1   | Reached skill level 4 in Axes
 13131 | Lair:1   | Gained mutation: You regenerate. [Vine Stalker growth]
 13131 | Lair:1   | Reached XP level 12. HP: 65/65 MP: 16/18
 13176 | Lair:2   | Noticed a five-headed hydra
 13391 | Lair:2   | Identified the Guide on Scorching Orientation (You found it on level 2 of the Lair of Beasts)
 13396 | Lair:2   | Learned a level 2 spell: Blink
 13430 | Lair:2   | Reached skill level 1 in Translocations
 13546 | Lair:2   | Killed a five-headed hydra
 13964 | Lair:2   | Reached skill level 5 in Translocations
 14566 | Lair:3   | Reached ****** piety under Makhleb
 14992 | Lair:3   | Reached skill level 5 in Axes
 15087 | Lair:3   | Noticed a catoblepas
 15106 | Lair:3   | Killed a catoblepas
 15254 | Lair:3   | Noticed an eight-headed hydra
 15271 | Lair:3   | Found a hole to the Spider Nest.
 15314 | Lair:3   | Killed an eight-headed hydra
 15314 | Lair:3   | Reached skill level 6 in Axes
 15908 | Lair:4   | Reached skill level 7 in Axes
 16704 | Lair:4   | Reached skill level 8 in Axes
 16831 | Lair:4   | Reached XP level 13. HP: 68/68 MP: 19/19
 16869 | Lair:4   | Reached skill level 9 in Axes
 17045 | Lair:5   | Noticed Snorg
 17069 | Lair:4   | Killed Snorg
 17069 | Lair:4   | Reached skill level 10 in Axes
 17204 | Lair:5   | Got an ebony whip
 17214 | Lair:5   | Identified the +4 whip "Roypear" {pain, Dex+5} (You found it on level 5 of the Lair of Beasts)
 17723 | Lair:5   | Found a staircase to the Swamp.
 18490 | Lair:5   | Reached skill level 11 in Axes
 19050 | Lair:6   | Reached skill level 12 in Axes
 19421 | Lair:7   | Reached XP level 14. HP: 73/73 MP: 18/20
 19589 | Lair:7   | Reached skill level 13 in Axes
 20064 | Lair:8   | Entered Level 8 of the Lair of Beasts
 20223 | Lair:8   | Found a dark tunnel.
 20232 | Volcano  | Entered a volcano
 20380 | Volcano  | HP: 2/73 [lindwurm/blast of flame (19)]
 20386 | Volcano  | Killed from afar by a lindwurm

Skill      XL: |  1  2  3  4  5  6  7  8  9 10 11 12 13 14 |
---------------+-------------------------------------------+-----
Armour         | 4 5 6 7 8 |  8.5
Fighting       | 2 3 4 5 7 8 |  8.2
Axes           | 1 4 8 12 13 | 13.9
Dodging        | 1 2 3 4 5 |  5.8
Slings         | 2 3 4 5 6 7 |  7.0
Invocations    | 1 2 4 6 7 |  7.0
Stealth        | 4 5 |  5.1
Translocations | 6 |  6.0
Maces & Flails | |  1.0
Crossbows      | |  1.1

Action                   |  1- 3 |  4- 6 |  7- 9 | 10-12 | 13-15 || total
-------------------------+-------+-------+-------+-------+-------++-------
Melee: Hand axe          |       |       |       |   114 |   564 ||   678
       Bite              |       |       |       |    54 |   235 ||   289
 Fire: Hand crossbow     |    77 |    63 |       |       |       ||   140
       Hunting sling     |       |    57 |   404 |  1028 |     7 ||  1496
 Cast: Blink             |       |       |       |       |     1 ||     1
Invok: Lesser Servant of |       |       |     1 |    12 |     2 ||    15
       Minor Destruction |       |       |     1 |     2 |     5 ||     8
Evoke: Fan of gales      |       |       |       |       |     1 ||     1
       Phial of floods   |       |       |       |       |     1 ||     1
  Use: Scroll            |       |       |    17 |     6 |     9 ||    32
       Potion            |       |       |       |       |     1 ||     1
  Eat: Chunk             |     1 |     6 |    15 |    27 |    12 ||    61
       Fruit             |       |       |     1 |       |       ||     1
       Beef jerky        |       |       |       |     1 |       ||     1
Armor: Ring mail         |     5 |    14 |     1 |       |       ||    20
       Chain mail        |       |       |    41 |       |       ||    41
       Plate armour      |       |       |    50 |   513 |   383 ||   946
       Robe              |       |       |     7 |       |       ||     7
       Troll leather arm |       |       |       |    18 |       ||    18
Dodge: Dodged            |     8 |    33 |    73 |   347 |   206 ||   667
